← All builds
Beach sea / Armada / Economy first / OBSERVED BUILD

Standard beach sea

Armada Beach sea build order · Supreme Isthmus

Commander goes straight to sea to build a shipyard around 1:40, gets an early destroyer by 4:46 and follows up with an Advanced Metal Extractor around 10:00, the role's usual economy-first sea presence and vision play.

Usually shipyard first (96%)

#naval #eco · 481 distinct matches · 79 players · 73% of Armada Beach sea games · team won 46% of 506 · Recently observed

HOW TO PLAY IT

Key timing: Shipyard by 1:46

  1. Take 3 mex, then send com straight to sea to build shipyard.
  2. Finish shipyard, start pumping an early destroyer to contest sea.
  3. Get first destroyer out to fight for sea entry or scout island.
  4. Add Advanced Metal Extractor to fix the natural resource gap.
  5. Push T2 constructor if resources allow, keep contesting sea control.

Phase by phase

TYPICAL OF ITS 481 GAMES · AGAINST STANDARD BEACH SEA
  1. 1
  2. 2
  3. 3
PLAY THE OPENING

Follow the example game's first 6:00 step by step: what to build now, what comes next, and where it goes. At 1× it keeps pace with your own game.

  1. 1

    Up to the Shipyard

    Economy
    • Metal Extractor3Mex
    • Wind Turbine2Windfor allies+2 vs standard
    • Wind Turbine1Wind−4 vs standard
    Order
    1. ShipyardShipyard after 3 mex, 1 winddone ~1:38, middle half 1:24–1:59

    Some games also: tidal (44%) · energy storage (33%)

    By 1:20 in all: 3 mex · 1 wind (standard 5)

    The example game in this phase · 6 steps
    1. Mex ×3
    2. Wind ×3for Air
    3. Wind ×5
    4. Energy storage
    5. SentrySentry
    6. ShipyardShipyarddone 2:28 · typical 1:38
  2. 2

    Shipyard to 5:00

    Economy
    • Metal Extractor5Mex
    • Wind Turbine2Wind−4 vs standard
    • Tidal Generator2Tidal+2 vs standard
    Builders
    • Construction Ship2 Con ship +2 vs standard
    Army
    • Skater2 Skater
    • Dolphin2 Dolphin +2 vs standard
    • Corsair1 Destroyer
    Other
    • Naval Radar / Sonar Tower1 Naval Radar / Sonar Tower

    Some games also: Harpoon (41%) · con turret (37%) · Sentry (37%) · frigate (36%) · submarine (35%)

    The standard build makes here, this one skips: 3 con hovercraft · 7 seeker

    By 5:00 in all: 9 mex · 4 wind (standard 10) · 3 tidal (standard 0)

    The example game in this phase · 18 steps
    1. Construction ShipCon ship ×2
    2. SkaterSkater
    3. Mex
    4. SkaterSkater
    5. Radar TowerRadar Tower
    6. DolphinDolphin
    7. Mex ×2
    8. DolphinDolphin
    9. Mex
    10. DolphinDolphin
    11. Radar TowerRadar Tower
    12. CorsairDestroyerdone 4:22 · typical 4:50
    13. Wind
    14. Grim ReaperGrim Reaper
    15. Wind
    16. DolphinDolphin ×2
    17. Wind
    18. DolphinDolphin
  3. 3

    5:00 to 10:00

    Economy
    • Metal Extractor1Mex−2 vs standard
    • Wind Turbine11Wind
    Builders
    • Naval Construction Turret1 Naval Construction Turret
    • Grim Reaper1 Grim Reaper
    Army
    • Sentry1 Sentry
    • Harpoon1 Harpoon
    • Dolphin3 Dolphin
    • Corsair2 Destroyer
    • Skater2 Skater
    Other
    • Naval Radar / Sonar Tower1 Naval Radar / Sonar Tower

    Some games also: con ship (46%) · frigate (44%) · tidal (40%) · con turret (38%) · converter (38%)

    By 10:00 in all: 10 mex · 16 wind (standard 24) · 5 tidal (standard 0) · 1 energy storage · 1 con turret · 1 Naval Construction Turret

    The example game in this phase · 101 steps
    1. DolphinDolphin
    2. Wind
    3. DolphinDolphin
    4. Mex
    5. CorsairDestroyer
    6. Naval Construction Turret
    7. Wind
    8. Mex
    9. SentrySentry
    10. Wind
    11. Radar TowerRadar Tower
    12. Wind
    13. CorsairDestroyer
    14. Grim ReaperGrim Reaper
    15. Construction ShipCon ship
    16. SkaterSkater
    17. DolphinDolphin
    18. Wind
    19. Mex
    20. Converter
    21. Con turret
    22. Converter ×3
    23. CorsairDestroyer
    24. Wind ×4
    25. CorsairDestroyer
    26. Wind ×3
    27. Tidal
    28. Wind ×2
    29. Tidal
    30. Wind ×2
    31. SkaterSkater
    32. Tidal
    33. Wind ×2
    34. SkaterSkater
    35. Wind
    36. Tidal
    37. Wind ×2
    38. CorsairDestroyer
    39. Wind
    40. Tidal
    41. Advanced Metal ExtractorT2 mexdone 9:16
    42. Wind
    43. SkaterSkater
    44. Tidal ×2
    45. Wind ×3
    46. Advanced Metal ExtractorT2 mex
    47. Wind ×6
    48. Naval Radar / Sonar TowerNaval Radar / Sonar Tower
    49. Wind
    50. Advanced Metal ExtractorT2 mex
    51. Converter ×4
    52. SkaterSkater
    53. Converter
    54. SkaterSkater
    55. Converter
    56. SkaterSkater
    57. Converter
    58. SkaterSkater
    59. Advanced Metal ExtractorT2 mex
    60. Converter
    61. SkaterSkater
    62. CorsairDestroyer
    63. Converter
    64. Advanced ShipyardAdvanced Shipyarddone 12:33
    65. Wind ×2
    66. SkaterSkater
    67. Wind
    68. Naval Construction Turret
    69. Wind ×3
    70. Energy storage
    71. Wind ×3
    72. Advanced Construction SubAdvanced Construction Sub
    73. Wind ×2
    74. Grim ReaperGrim Reaper
    75. VoyagerVoyager
    76. Wind
    77. VoyagerVoyager
    78. Wind
    79. VoyagerVoyager
    80. Radar TowerRadar Tower
    81. Grim ReaperGrim Reaper
    82. VoyagerVoyager
    83. Naval Advanced Metal ExtractorNaval Advanced Metal Extractordone 13:41
    84. DreadnoughtBattleshipdone 13:59
    85. NettleNettle
    86. Advanced Metal ExtractorT2 mex
    87. Wind
    88. NettleNettle
    89. Grim ReaperGrim Reaper
    90. NettleNettle
    91. SentrySentry
    92. Wind
    93. Naval Advanced Metal ExtractorNaval Advanced Metal Extractor
    94. DreadnoughtBattleship
    95. Grim ReaperGrim Reaper
    96. Wind
    97. Advanced Metal ExtractorT2 mex
    98. Naval Advanced Metal ExtractorNaval Advanced Metal Extractor
    99. Wind
    100. Grim ReaperGrim Reaper
    101. Wind

Counts are medians over the build's games: half of them build more, half fewer. The example game is Hummell's (45 OS, 30/09/2026); pick another.

Team trades

IN AT LEAST 30% OF ITS GAMES

You hand over

  • Wind Turbine3 Wind to Airfirst at 1:45 · in 77% of games

You get

  • Finch1 Finch from Airfirst at 1:57 · in 78% of games
  • Lazarus1 Lazarus from Geofirst at 2:09 · in 52% of games
  • Hercules1 Light transport from Airfirst at 2:15 · in 40% of games
  • Hephaestus1 Heavy transport from Airfirst at 2:16 · in 63% of games
  • Construction Bot1 Con bot from Geofirst at 2:24 · in 70% of games
  • Advanced Construction Bot1 T2 con bot from Techfirst at 8:10 · in 89% of games

How it plays out

Typical game of this build, running totals by minute

Metal produced

010k20k30k
0:005:0010:0015:00

metal

Enemy metal destroyed

05k10k
0:005:0010:0015:00

metal

Own metal lost

02.5k5k7.5k
0:005:0010:0015:00

metal

506 games.

Show as table
ByMetal produced: This buildEnemy metal destroyed: This buildOwn metal lost: This build
1:0040400
2:0093800
3:00158600
4:0025475147
5:003734255125
6:005155571300
7:0067161143591
8:00831216791039
9:001001825171678
10:001187736082426
11:001418845823270
12:001693754714014
13:001973364694888
14:002238872945782
15:002531983686716
WHAT THE NUMBERS SAY

This build loses more often than it wins and trails behind on economy, taking heavier losses than kills by 15:00.

  • + Destroys 7891 enemy metal by 15:00 through consistent sea fighting.
  • + Reaches shipyard fast (1:46) to contest sea entry early.
  • − Loses 6587 own metal by 15:00, nearly matching what it destroys.
  • − T2 factory only appears in 35% of games, falling behind economically.
THE EXAMPLE YOU ARE READING

Hummell

45.0 OS · 30/09/2026

Open source match ↗

5 received units · includes a constructor
368 metal received · 32837 energy received

Allied construction assistance is unknown. Timings are observations, not a promise of solo reproducibility.

Typical milestones

Shipyard1:38Middle 50%: 1:24–1:59 · n=505
Corsair4:50Middle 50%: 4:15–5:53 · n=485
Advanced Metal Extractor10:01Middle 50%: 9:13–10:56 · n=436

Played most by

yeskinkot61games of this buildHummell57games of this buildTheSituation44games of this buildImmort33games of this buildhaaven32games of this build